AoeStats
← Tunga

Arabia

507724839Analyzed
1v1 RM · 13d ago on Sep 19, 2026· 66m 20s· 2 players
Game mode
Random Map
Map size
Tiny (2 player)
Population
200
Speed
Normal
Resources
Standard
Victory
Conquest
Starting age
Dark Age
Ending age
Imperial Age
RankedLock teamsTeams togetherTeam positionsShared explorationLock speedFull tech treeHidden civsTurbo modeCheats
Victory
Defeat
🇹🇷 Romans · Türkiye
695
+18
🇦🇷 Khmer · Argentina
730
-18
Tunga
11:27 Feudal Age
9:43 Loom
12:08 Horse Collar
12:17 Double-Bit Axe
13:13 Man-at-Arms
15:36 Wheelbarrow
19:14 Scale Barding Armor
22:20 Bloodlines
26:43 Castle Age
26:05 Scale Mail Armor
26:50 Pikeman
27:30 Squires
27:35 Husbandry
28:22 Heavy Plow
31:20 Hand Cart
31:51 Ballistics
41:15 Imperial Age
41:40 Ballistas
44:45 Chemistry
44:10 Halberdier
46:31 Chain Mail Armor
46:27 Forging
46:39 Chain Barding Armor
46:28 Cavalier
49:31 Heavy Scorpion
50:08 Elite Centurion
53:06 Plate Barding Armor
53:07 Iron Casting
elterco_69
2:05 Loom
11:43 Feudal Age
12:12 Horse Collar
12:18 Double-Bit Axe
17:10 Gold Mining
17:10 Stone Mining
21:33 Castle Age
24:20 Bow Saw
24:12 Heavy Plow
25:41 Gold Shaft Mining
25:46 Stone Shaft Mining
31:21 Wheelbarrow
36:40 Imperial Age
34:39 Ballistics
34:47 Murder Holes
36:01 Hand Cart
35:11 Light Cavalry
36:01 Bloodlines
36:42 Forging
36:37 Scale Barding Armor
38:39 Scale Barding Armor
39:09 Iron Casting
43:22 Blast Furnace
42:42 Chain Barding Armor
43:04 Crop Rotation
42:23 Hussar
44:03 Elite Battle Elephant
47:24 Plate Barding Armor
46:54 Husbandry
46:57 Tusk Swords
47:36 Hoardings
57:44 Masonry
Connection lost

Rejoining the realm…

Still unreachable

The connection could not be restored.

Session expired

The server has moved on; the page needs a fresh start.